 Dungeon Crawl Stone Soup version 0.18-a0-123-g3323726 (webtiles) character file.

220 ReteAZ the Ruffian (level 5, -3/53 HPs)
             Began as a Troll Monk on Nov 20, 2015.
             Slain by an orc
             ... wielding a +0 club
              (4 damage)
             ... on level 3 of the Dungeon.
             The game lasted 00:03:13 (1780 turns).

ReteAZ the Ruffian (Troll Monk)                     Turns: 1780, Time: 00:03:13

Health: -3/53      AC:  5    Str: 19    XL:     5   Next: 64%
Magic:  4/4        EV: 11    Int:  6    God:
Gold:   69         SH:  0    Dex: 13    Spells: 0 memorised, 4 levels left

rFire  . . .     SeeInvis .       - Unarmed
rCold  . . .     Clarity  .     a - +0 robe
rNeg   . . .     SustAt   .     (no shield)
rPois  .         Gourm    +     (helmet restricted)
rElec  .         Spirit   .     (no cloak)
rCorr  .         Warding  .     (gloves unavailable)
rMut   .         Stasis   .     (boots unavailable)
MR     .....                    (no amulet)
Stlth  +.........               (no ring)
                                (no ring)

@: not resistant to hostile enchantments, very unstealthy
A: unfitting armour, claws 3, fast metabolism 3, gourmand, regeneration 2,
shaggy fur 1, tough skin 2
a: no special abilities


You were on level 3 of the Dungeon.
You were very full.

You visited 1 branch of the dungeon, and saw 3 of its levels.

You collected 69 gold pieces.

Inventory:

Armour
 a - a +0 robe (worn)
Scrolls
 c - a scroll of blinking {unknown}
 d - 2 scrolls of recharging {unknown}
 e - a scroll of fear {unknown}
 f - a scroll of identify {unknown}
Comestibles
 b - 4 bread rations {@e1}
 g - 5 chunks of flesh {@w0}


   Skills:
 + Level 3.3 Fighting
 + Level 3.3 Dodging
 - Level 1.1 Stealth
 * Level 5.7 Unarmed Combat


You had 4 spell levels left.
You didn't know any spells.

Dungeon Overview and Level Annotations

Branches:
Dungeon (3/15)

Altars:
Cheibriados
Gozag
Okawaru
Ru

Shops:
D:3 *


Innate Abilities, Weirdness & Mutations

You are too large for most types of armour.
You have claws for hands.
Your metabolism is lightning-fast.
You like to eat raw meat.
You heal very quickly.
You are covered in fur (AC +1).
You have very tough skin (AC +2).


Message History

The orc priest hits you but does no damage.
You scratch the orc priest.
The orc priest is moderately wounded.
The orc hits you but does no damage.
You barely miss the orc priest.
The orc priest is moderately wounded.
The orc priest barely misses you. The orc hits you but does no damage.
You closely miss the orc priest.
The orc priest is moderately wounded.
You claw the orc priest! Your claw misses the orc priest.
The orc priest is almost dead.
The orc priest closely misses you. The orc completely misses you.
You scratch the orc priest but do no damage.
The orc priest is almost dead.
You barely miss the orc priest.
The orc priest is almost dead.
The orc priest hits you with a mace.
* * * LOW HITPOINT WARNING * * *
The orc hits you with a club.
You die...

#. ## # #. ### #.##
####.. #... ..#.# ###
#..# #.#.# #.. #..#
####.#.#### #.. ###
#..# #o@.......# # #..
...##..#
#o##.#.##.##.# #..
#.#...###.##.#.......#
#..
#............####.####
#.. #..........### #.#
#.. ####o####.## #.#
#.. #)# ### #.# ###
#o# ##.# ## #o# #..#
#.


You could see an orc priest and an orc.

Vanquished Creatures
  A phantom (D:3)
  An orc priest (D:3)
  An orc wizard (D:2)
  2 adders (D:3)
  A worm (D:3)
  A giant gecko (D:3)
  An orc (D:3)
  5 giant cockroaches
  12 goblins
  5 hobgoblins
  A ball python (D:1)
  3 bats
  3 giant newts
  11 kobolds
  3 rats
51 creatures vanquished.

Notes
Turn   | Place    | Note
--------------------------------------------------------------
     0 | D:1      | ReteAZ the Troll Monk began the quest for the Orb.
     0 | D:1      | Reached XP level 1. HP: 22/22 MP: 0/0
   108 | D:1      | Reached XP level 2. HP: 27/29 MP: 1/1
   830 | D:2      | Found a sacrificial altar of Ru.
   842 | D:2      | Reached XP level 3. HP: 34/36 MP: 2/2
  1377 | D:3      | Reached XP level 4. HP: 36/44 MP: 3/3
  1405 | D:3      | Found a snail-covered altar of Cheibriados.
  1467 | D:3      | Found Gozag's Platinum Reserve.
  1549 | D:3      | Found an opulent altar of Gozag.
  1549 | D:3      | Found an iron altar of Okawaru.
  1655 | D:3      | Reached skill level 5 in Unarmed Combat
  1687 | D:3      | Noticed a phantom
  1700 | D:3      | Killed a phantom
  1700 | D:3      | Reached XP level 5. HP: 36/53 MP: 4/4
  1772 | D:3      | HP: 2/53 [orc priest/mace (7)]
  1780 | D:3      | HP: 1/53 [orc priest/mace (5)]
  1780 | D:3      | Slain by an orc

Vault maps used:
D:1:      minmay_arrival_split_and_join
D:2:      nicolae_ru_great_annihilating_truth
D:3:      cheibriados_altar_1, okawaru_ov_weapons_minmay,
          nicolae_gozag_zags_fifth_avenue

Action                   |  1- 3 |  4- 6 || total
-------------------------+-------+-------++-------
Melee: Unarmed           |   108 |    43 ||   151
 Stab: Sleeping          |     3 |     1 ||     4
       Paralysed         |     1 |       ||     1
  Eat: Chunk             |    17 |     4 ||    21
